Description

My work in progress. Honestly don't use this. I just set this up for Over Wolf

Build Order

Get SALT Encoding   

  13  0:16  Supply Depot  
  15  0:40  Barracks  
  16  0:42  Refinery  
  18  1:16  Orbital Command  
  18  1:44  Command Center  
  20  2:05  Factory  
  20  2:13  Supply Depot  
  20  2:19  Barracks Reactor, Refinery  
  20  3:15  Starport  
  26  3:22  Orbital Command  
  23  3:38  Barracks Tech Lab  
  32  4:44  Barracks Tech Lab  
  39  4:47  Factory  
  32  3:50  Refinery  
  38  4:32  Barracks Tech Lab  
  35  4:16  Supply Depot x2  
  53  5:08  Supply Depot  
  61  5:35  Factory  
  62  5:36  Supply Depot  
  62  5:40  Barracks Reactor  
Spawning Tool Build Advisor. Get it on Overwolf

Go to:

Details

  • Created by: sregor_nevets
  • Published on: Jan 22, 2018
  • Modified on: Feb 07, 2018
  • Patch: 4.0.0
Show
View Real Time Build Order
Export as new Build Order

Comments (1)

On Feb. 7, 2018, 9:03 p.m., sregor_nevets  said:

WOW! What a shitty builder order. You need some work! ^_^

Create an account to comment!